 Dungeon Crawl Stone Soup version 0.24-a0-653-g3936067ed8 (webtiles) character file.

Game seed: 5039504174223602728, levelgen mode: deterministic

203 Bikalo the Grasshopper (level 5, 0/45 HPs)
             Began as a Naga Warper on Sept 27, 2019.
             Slain by an ogre
             ... wielding a +0 giant club
              (10 damage)
             ... on level 4 of the Dungeon.
             The game lasted 00:09:28 (3920 turns).

Bikalo the Grasshopper (Naga Warper)                Turns: 3920, Time: 00:09:28

Health: 0/45       AC:  6    Str: 13    XL:     5   Next: 81%
Magic:  7/9        EV: 10    Int: 14    God:
Gold:   141        SH:  0    Dex: 11    Spells: 2/10 levels left

rFire    . . .     SeeInvis +   a - +1 mace
rCold    . . .     Gourm    .   (no shield)
rNeg     . . .     Faith    .   b - +0 leather armour
rPois    +         Spirit   .   l - +1 helmet
rElec    .         Reflect  .   r - +0 cloak
rCorr    .         Harm     .   (no gloves)
MR       .....                  (no barding)
Stlth    +.........             p - amulet of rage
HPRegen  0.15/turn              (no ring)
MPRegen  0.11/turn              (no ring)

@: short of breath, very slow
A: large, see invisible, deformed body, poison resistance, slowness 2, slow
metabolism 1, spit poison 1, AC +1
a: Spit Poison, Evoke Berserk Rage


You were on level 4 of the Dungeon.
You were hungry.

You visited 1 branch of the dungeon, and saw 4 of its levels.

You collected 141 gold pieces.

Inventory:

Hand Weapons
 a - a +1 mace (weapon)
Missiles
 e - 5 boomerangs of dispersal (quivered)
Armour
 b - a +0 leather armour (worn)
 l - a +1 helmet (worn)
 r - a +0 cloak (worn)
Jewellery
 c - a +4 ring of slaying {unknown}
 p - an amulet of rage (around neck)
Wands
 q - a wand of flame (29)
Scrolls
 d - a scroll of blinking
 g - a scroll of remove curse
 i - 4 scrolls of identify
 m - 2 scrolls of magic mapping
Potions
 n - a potion of magic
 o - a potion of flight
Comestibles
 f - 6 rations


   Skills:
 - Level 2.0 Fighting
 + Level 3.3 Maces & Flails
 - Level 0.8 Throwing
 - Level 1.0 Armour
 + Level 2.7 Dodging
 + Level 3.2 Spellcasting
 + Level 3.8 Translocations


You had 2 spell levels left.
You knew the following spells:

 Your Spells              Type           Power        Failure   Level  Hunger
a - Shroud of Golubria    Chrm/Tloc      #.....       19%         2    ##.....
b - Lesser Beckoning      Tloc           ##........   17%         3    ###....
c - Gell's Gravitas       Tloc           ##........   17%         3    ###....

Your spell library contained the following spells:

 Spells                   Type           Power        Failure   Level  Hunger
 Blink                    Tloc           N/A          9%          2    ##.....
 Teleport Other           Tloc           ##......     17%         3    ###....
 Passage of Golubria      Tloc           N/A          50%         4    #####..


Dungeon Overview and Level Annotations

Branches:
Dungeon (4/15)
 Temple: D:4-7

Altars:
Dithmenos
Elyvilon
Xom


Innate Abilities, Weirdness & Mutations

You cannot wear boots.
Your serpentine skin is tough. (AC +1)
You have supernaturally acute eyesight. (SInv)
Armour fits poorly on your strangely shaped body.
Your system is resistant to poisons. (rPois)
You cover ground very slowly.
You have a slow metabolism.
You can spit poison.


Message History

You see here an encrusted wooden ring.
c - an encrusted wooden ring
Casting: Shroud of Golubria (safe; 19% risk of failure)
Confirm with . or Enter, or press ? or * to list all spells.
Space distorts slightly along a thin shroud covering your body.
You thump the ogre!
The ogre is moderately wounded.
The ogre hits you with a +0 giant club!
Your shroud falls apart!
You hit the ogre.
The ogre is heavily wounded.
The ogre hits you with a +0 giant club!
* * * LOW HITPOINT WARNING * * *
Press: ? - help, Shift-Dir - straight line, f - ogre
Aim: an ogre, wielding a +0 giant club (heavily wounded)
The splash of poison hits the ogre but does no damage.
The ogre is poisoned.
The ogre is heavily wounded.
You feel slightly more hungry. The ogre hits you with a +0 giant club!
You die...

#####################
#....................
#.....ยง..............
#..#................ .#
#...##............# ..#
###...#.#..........# #..#
.......#.##......##.#...#
####....##.#....#.##....#
#....#.#.#..#@#.#O...#
#.....#.##..##O#.....#
#......##....##w.....#
#....................#
##..(.................#
#.......##....##w.....#
###......#.##..##.#......#
#.......#.#.#[.# # #.....#
#.##....##.#.. .....#


You could see an ogre and a dart slug.

Vanquished Creatures
  Crazy Yiuf (D:3)
  A worker ant (D:4)
  8 adders
  A gnoll (D:1)
  A worm (D:2)
  2 dart slugs
  3 leopard geckos
  A giant cockroach (D:3)
  9 goblins
  6 hobgoblins
  8 jackals (D:3)
  4 kobolds
  A quokka (D:2)
  9 bats
  4 frilled lizards
  7 rats
66 creatures vanquished.

Notes
Turn   | Place    | Note
-------+----------+-------------------------------------------
     0 | D:1      | Bikalo the Naga Warper began the quest for the Orb.
     0 | D:1      | Reached XP level 1. HP: 19/19 MP: 3/3
    50 | D:1      | Reached skill level 1 in Armour
   276 | D:1      | Reached XP level 2. HP: 16/26 MP: 5/5
   810 | D:1      | Learned a level 2 spell: Shroud of Golubria
   825 | D:1      | Reached XP level 3. HP: 9/32 MP: 6/6
  1088 | D:1      | Learned a level 3 spell: Lesser Beckoning
  1397 | D:2      | Reached XP level 4. HP: 12/39 MP: 4/7
  2196 | D:2      | Found a shimmering altar of Xom.
  2196 | D:2      | Found a faded altar of an unknown god.
  2201 | D:2      | Found a white marble altar of Elyvilon.
  2203 | D:2      | Found a faded altar of an unknown god.
  2205 | D:2      | Found a shadowy altar of Dithmenos.
  2436 | D:3      | Learned a level 3 spell: Gell's Gravitas
  3067 | D:3      | Reached XP level 5. HP: 37/45 MP: 5/9
  3475 | D:3      | Found a runed translucent door.
  3476 | D:3      | Noticed Crazy Yiuf
  3486 | D:3      | Killed Crazy Yiuf
  3913 | D:4      | Noticed an ogre
  3920 | D:4      | Slain by an ogre

Levels and vault maps discovered:
D:1:      saegor_arrival_simple_b, layout_basic
D:2:      layout_basic, chequers_temple_overflow_minitemple
D:3:      layout_basic, first_ration, due_unseen_surprise,
          uniq_crazy_yiuf_cottage
D:4:      layout_loops_ring, yredelemnul_forgotten_temple_becter,
          serial_park_tiny_2, minmay_misc_feat_secret_circle,
          hangedman_decor_push

Skill      XL: |  1  2  3  4  5 |
---------------+----------------+-----
Armour         | 1 |  1.0
Dodging        | 2 |  2.7
Maces & Flails | 3 |  3.3
Spellcasting   | 3 |  3.2
Fighting       | |  2.0
Throwing       | |  0.8
Translocations | |  3.8

Action                   |  1- 3 |  4- 6 || total
-------------------------+-------+-------++-------
Melee: Mace              |    90 |   146 ||   236
 Cast: Shroud of Golubri |     6 |    12 ||    18
 Abil: Spit Poison       |     4 |     2 ||     6
       Evoke Berserk Rag |       |     1 ||     1
  Use: Potion            |       |     3 ||     3
       Scroll            |       |     7 ||     7
  Eat: Chunk             |     1 |     8 ||     9
Armor: Leather armour    |    32 |    68 ||   100
Dodge: Dodged            |    79 |    92 ||   171

Table legend:
 A = Non-vault XP
 B = Vault XP
 C = Vault XP percentage of total XP
 D = Non-vault monster count
 E = Vault monster count
 F = Vault count percentage of total count
                 A         B        C        D         E       F
            +---------+---------+-------+---------+---------+-------
      Total |     250 |      40 |  13.8 |      65 |       1 |   1.5
            +---------+---------+-------+---------+---------+-------
        D:1 |      50 |       0 |   0.0 |      24 |       0 |   0.0
        D:2 |      80 |       0 |   0.0 |      18 |       0 |   0.0
        D:3 |      61 |      40 |  39.6 |      20 |       1 |   4.8
        D:4 |      59 |       0 |   0.0 |       3 |       0 |   0.0
            +---------+---------+-------+---------+---------+-------
